 Dungeon Crawl Stone Soup version 0.25-a0-972-g74ed164fb1 (webtiles) character file.

Game seed: 16942438333878705789, levelgen mode: deterministic

2 Maedhros the Charlatan (level 1, -19/13 HPs)
             Began as an Octopode Artificer on May 9, 2020.
             Demolished by an ogre
             ... wielding a +0 giant club
              (30 damage)
             ... on level 4 of the Dungeon.
             The game lasted 00:01:04 (116 turns).

Maedhros the Charlatan (Octopode Artificer)          Turns: 116, Time: 00:01:04

Health: -19/13     AC:  1    Str: 11    XL:     1   Next: 40%
Magic:  3/3        EV: 13    Int: 13    God:
Gold:   24         SH:  0    Dex: 12    Spells: 0/0 levels left

rFire    . . .     SeeInvis .   a - +0 short sword
rCold    . . .     Gourm    .   (no shield)
rNeg     + . .     Faith    .   (helmet restricted)
rPois    .         Spirit   .   (no amulet)
rElec    .         Reflect  .   g - ring of positive energy
rCorr    .         Harm     .   (no ring)
MR       .....                  (no ring)
Stlth    +++.......             (no ring)
HPRegen  0.04/turn              (no ring)
MPRegen  0.08/turn              (no ring)
                                (no ring)
                                (no ring)

@: no status effects
A: almost no armour, stealthy swim, amphibious, 8 rings, constrict 8, camouflage
1, gelatinous body 1
a: no special abilities


You were on level 4 of the Dungeon.
You were not hungry.

You visited 1 branch of the dungeon, and saw 4 of its levels.

You collected 24 gold pieces.

Inventory:

Hand Weapons
 a - a +0 short sword (weapon)
Armour
 i - a +0 kite shield
Jewellery
 g - a ring of positive energy (left tentacle)
Wands
 b - a wand of flame (15)
 c - a wand of enslavement (12)
 d - a wand of random effects (12)
Scrolls
 e - a scroll of teleportation {unknown}
 h - a scroll of immolation {unknown}
Comestibles
 f - a ration


   Skills:
 - Level 1.0 Fighting
 - Level 1.0 Short Blades
 - Level 2.0 Dodging
 + Level 2.1 Stealth
 - Level 3.2 Evocations


You couldn't memorise any spells.
You didn't know any spells.
Your spell library was empty.

Dungeon Overview and Level Annotations

Branches:
Dungeon (4/15)
 Temple: D:4-7

Altars:
Cheibriados
Qazlal


Innate Abilities, Weirdness & Mutations

You cannot wear most types of armour.
You are very stealthy in the water. (Stealth+)
You are amphibious.
You can wear up to eight rings at the same time.
You can use your tentacles to constrict eight enemies at once.
Your skin changes colour to match your surroundings (Stealth+).
Your rubbery body absorbs attacks. (AC +1, EV +1)


Message History

Your adder bites the leopard gecko but does no damage.
The leopard gecko hisses menacingly.
The leopard gecko barely misses you. The leopard gecko bites you.
Your adder bites the leopard gecko.
The leopard gecko dies!
Your Stealth skill increases to level 2!
Your adder bites something but does no damage.
The gnoll misses your adder.
An ooze comes into view.
A hound comes into view.
Found a stone staircase leading down.
Your adder barely misses something.
Found 11 gold pieces.
Found 8 stones.
Your adder barely misses something.
A worker ant comes into view.
Your adder bites the ooze.
Something hits you!!
Ouch! That really hurt!
You die...

..#.
##...###...###
#........##
........g##
..........#
.....###..### .
h.>## ##....#....
... ##S.........
....##.J.#.......
.......@.#.......
...##...###$.....
#.(.# ....##
#.... .#..# ....#
##..# .#..a# ##
.##.... ## #...#


You could see a gnoll shaman, a worker ant (asleep), an ooze and a friendly
adder (charmed).

Vanquished Creatures
  A bat (D:3)
1 creature vanquished.

Vanquished Creatures (collateral kills)
  A leopard gecko (D:4)
1 creature vanquished.

Grand Total: 2 creatures vanquished

Notes
Turn   | Place    | Note
-------+----------+-------------------------------------------
     0 | D:1      | Maedhros the Octopode Artificer began the quest for the
                  | Orb.
     0 | D:1      | Reached XP level 1. HP: 13/13 MP: 3/3
    62 | D:3      | Found a faded altar of an unknown god.
    83 | D:4      | Found a stormy altar of Qazlal.
    83 | D:4      | Found a snail-covered altar of Cheibriados.
    94 | D:4      | Noticed an ogre
   100 | D:4      | Noticed a gnoll shaman
   108 | D:4      | Noticed a hound
   115 | D:4      | Noticed a worker ant
   116 | D:4      | Demolished by an ogre

Illustrated notes

Levels and vault maps discovered:
D:1:      minmay_arrival_split_and_join, layout_loops_ring
D:2:      cheibrodos_pilgrimage, layout_loops_ring, uniq_robin, uniq_natasha
D:3:      layout_basic, chequers_ecumenical_altar_twisty, serial_glass,
          glass_columns_c, glass_columns_a
D:4:      layout_cave_pools, chequers_temple_overflow_statue_of_worship,
          serial_shops, nicolae_shop_behind_doors, uniq_pikel

Skill      XL: |  1 |
---------------+----+-----
Stealth        | 2 |  2.1
Fighting       | |  1.0
Short Blades   | |  1.0
Dodging        | |  2.0
Evocations     | |  3.2

Action                   || total
-------------------------++-------
Melee: Short sword       ||     1
       Tentacles         ||     1
Evoke: Wand              ||     6
Dodge: Dodged            ||     2

Table legend:
 A = Non-vault XP
 B = Vault XP
 C = Vault XP percentage of total XP
 D = Non-vault monster count
 E = Vault monster count
 F = Vault count percentage of total count
                 A         B        C        D         E       F
            +---------+---------+-------+---------+---------+-------
      Total |       4 |       0 |   0.0 |       2 |       0 |   0.0
            +---------+---------+-------+---------+---------+-------
        D:3 |       2 |       0 |   0.0 |       1 |       0 |   0.0
        D:4 |       2 |       0 |   0.0 |       1 |       0 |   0.0
            +---------+---------+-------+---------+---------+-------
